 Dungeon Crawl Stone Soup version 0.30-a0-3-gc9032a9cac (webtiles) character file.

Game seed: 15590274887187044058

73 BritishOli the Trooper (level 4, 0/36 HPs)
             Began as a Demonspawn Fighter on Aug 20, 2022.
             Killed by nerve-wracking pain
             ... invoked by an orc priest
              (10 damage)
             ... on level 2 of the Dungeon.
             The game lasted 00:03:58 (1854 turns).

BritishOli the Trooper (Demonspawn Fighter)         Turns: 1854, Time: 00:03:59

Health: 0/36       AC:  7    Str: 18    XL:     4   Next: 8%
Magic:  4/4        EV:  9    Int: 10    God:
Gold:   158        SH:  4    Dex: 12    Spells: 3/3 levels left

rFire   . . .      SeeInvis .    a - +0 long sword
rCold   . . .      Faith    .    c - +0 buckler
rNeg    . . .      Spirit   .    b - +0 scale mail
rPois   .          Reflect  .    (no helmet)
rElec   .          Harm     .    (no cloak)
rCorr   .          Rampage  .    (no gloves)
Will    .....                    (no boots)
Stlth   ..........               (no amulet)
HPRegen 0.12/turn                (no ring)
MPRegen 0.09/turn                (no ring)

@: no status effects
A: sharp scales 1
a: no special abilities


You were on level 2 of the Dungeon.
You visited 1 branch of the dungeon, and saw 3 of its levels.

You collected 158 gold pieces.

Inventory:

Hand Weapons
 a - a +0 long sword (weapon)
Armour
 b - a +0 scale mail (worn)
 c - a +0 buckler (worn)
Jewellery
 h - a ring of willpower
Scrolls
 e - a scroll of acquirement {unknown}
 i - 3 scrolls of identify {unknown}
 j - a scroll of fear {unknown}
 k - a scroll of magic mapping {unknown}
 l - a scroll of amnesia {unknown}
Potions
 d - a potion of might
 f - 2 potions of invisibility {unknown}
 g - a potion of berserk rage {unknown}


   Skills:
 + Level 3.6 Fighting
 + Level 2.4 Long Blades
 + Level 3.2 Armour
 + Level 3.2 Shields


You had 3 spell levels left.
You didn't know any spells.
Your spell library was empty.

Dungeon Overview and Level Annotations

Branches:
Dungeon (3/15)

Altars:

Shops:
D:2 [


Innate Abilities, Weirdness & Mutations

You are partially covered in razor-sharp scales. (AC +1, Slay +1)


Message History

You feel sick.
The orc priest looks satisfied for a moment.
You block the adder's attack. The orc attacks as you move away!
The orc closely misses you. The adder attacks as you move away!
The adder bites you but does no damage.
You feel sick. The orc priest barely misses you.
The orc priest closely misses you. The adder barely misses you.
There is a stone staircase leading up here.
Things that are here:
a +0 dagger; a +0 leather armour; an orc corpse You feel sick.
The orc priest hits you from afar with a +0 trident.
You block the orc priest's attack. The adder bites you but does no damage.
You climb upwards.
You feel sick.
You are no longer poisoned.
There is a stone staircase leading down here.
You hit the orc priest.
The orc priest is lightly wounded.
The orc priest barely misses you. The adder bites you but does no damage.
The orc priest hits you with a +0 mace! The adder bites you but does no damage.
You hit the orc priest.
The orc priest is moderately wounded.
The adder closely misses you.
The orc priest miscasts a cantrip.
You closely miss the orc priest.
The orc priest is moderately wounded.
The adder bites you. The orc priest hits you with a +0 mace.
* * * LOW HITPOINT WARNING * * *
The adder bites you but does no damage.
You hit the orc priest.
The orc priest is moderately wounded.
The orc priest hits you but does no damage.
The adder bites you but does no damage. The orc priest barely misses you.
You block the adder's attack.
You hit the orc priest.
The orc priest is severely wounded.
The adder closely misses you.
The orc priest mumbles some strange prayers to Beogh against you.
Pain shoots through your body!
You die...

##....# #...........#
......# #.........###
......# #.........# ....'##
#..(......# ....'#
#.........# ....##
#.........#
###########.........#
#####....##.........#
.........##....S@...#
.........##....o....#
.........##.........########
.........##.....†..........#
#####....##................#
#....##.........##.##.(#
#....##.........#8.8#..#
#....###'###...........#
#........# #....#8.8#..#


You could see an orc priest and an adder.

Vanquished Creatures
  An adder (D:2)
  5 dart slugs
  An orc (D:3)
  4 endoplasms (D:2)
  4 giant cockroaches
  3 goblins (D:1)
  5 hobgoblins
  5 kobolds
  4 quokkas
  4 ball pythons
  3 bats
  4 frilled lizards
  6 rats
  A toadstool (D:1)
50 creatures vanquished.

Vanquished Creatures (others)
  A fungus (D:1)
  4 toadstools (D:1)
5 creatures vanquished.

Grand Total: 55 creatures vanquished

Notes
Turn   | Place    | Note
-------+----------+-------------------------------------------
     0 | D:1      | BritishOli the Demonspawn Fighter began the quest for the
                  | Orb.
     0 | D:1      | Reached XP level 1. HP: 18/18 MP: 1/1
   299 | D:1      | Gained mutation: You are partially covered in razor-sharp
                  | scales. (AC +1, Slay +1) [demonic ancestry]
   299 | D:1      | Reached XP level 2. HP: 19/24 MP: 2/2
   378 | D:1      | Found a faded altar of an unknown god.
   572 | D:1      | Reached XP level 3. HP: 29/29 MP: 3/3
  1371 | D:2      | Found Rexzom's Armour Shop.
  1582 | D:2      | Reached XP level 4. HP: 36/36 MP: 4/4
  1854 | D:2      | Killed from afar by an orc priest

Illustrated notes

Levels and vault maps discovered:
D:1:      psy_arrival_radial02, layout_basic, chequers_ecumenical_altar_twisty,
          minmay_gold_behind_fungi
D:2:      layout_basic, serial_shops, nicolae_shop_statue_plus,
          small_statue_intersection, st_stairs_10, kennysheep_path_1,
          chequers_serial_rivers_micro_e, hex_tiny, minmay_misc_feat_roman
D:3:      layout_loops_ring, uniq_grinder

Skill      XL: |  1  2 |
---------------+-------+-----
Long Blades    | 2 |  2.4
Armour         | 3 |  3.2
Shields        | 3 |  3.2
Fighting       | |  3.6

Action                   |  1- 3 |  4- 6 || total
-------------------------+-------+-------++-------
Melee: Long sword        |   133 |    25 ||   158
Armor: Scale mail        |    54 |    29 ||    83
Dodge: Dodged            |    73 |    19 ||    92
Block: Buckler           |    26 |     6 ||    32

Table legend: (Time is in decaauts)
 A = Elapsed time spent in this place.
 B = Non-inter-level travel time spent in this place.
 C = Inter-level travel time spent in this place.
 D = Time resting spent in this place.
 E = Time spent auto-exploring this place.
 F = Levels seen in this place.
 G = Mean time per level.
                   A        B        C        D        E       F      G
               +--------+--------+--------+--------+--------+-----+--------+
         Total |   1914 |   1880 |     34 |      0 |   1515 |   3 |  638.0 |
       Dungeon |   1914 |   1880 |     34 |      0 |   1515 |   3 |  638.0 |
               +--------+--------+--------+--------+--------+-----+--------+

Top non-repeatable levels by time:
     D:1: 1204 daAuts
     D:2: 697 daAuts
     D:3: 11 daAuts
